Map: Procolo Central

Players

Kelazhur - Winner!

  • Race: Terran Terran
  • League: Grandmaster

ByRada

  • Race: Zerg Zerg
  • League: Grandmaster

Event: Copa America 2016 Season 1

VOD

Have the link to the VOD?

Description

Time

  • Played on: Feb. 16, 2016, 5:05 p.m.
  • Length: 3:46

All games in this series

Show
View Real Time Build Order
Export as new Build Order

Kelazhur Terran - Winner!

Build Orders:  

Get SALT Encoding   

  12  0:01  SCV  
  13  0:13  SCV  
  14  0:17  Supply Depot  
  14  0:25  SCV  
  15  0:38  SCV  
  15  0:40  Barracks  
  16  0:44  Refinery  
  16  0:50  SCV  
  17  0:59  Barracks  
  17  1:03  SCV  
  18  1:16  SCV  
  19  1:19  Barracks  
  19  1:28  Refinery  
  19  1:29  Reaper  
  20  1:43  Orbital Command  
  20  1:47  Reaper  
  21  1:55  Supply Depot  
  21  2:02  Reaper  
  22  2:08  Reaper  
  23  2:17  SCV  
  23  2:19  Reaper  
  25  2:34  Reaper  
  25  2:35  SCV  
  27  2:41  Supply Depot  
  27  2:43  Reaper  
  28  2:47  SCV  
  28  2:51  Reaper  
  29  3:06  SCV, Reaper  
  31  3:19  SCV  
  34  3:28  Command Center  
  34  3:31  SCV  
Show
View Real Time Build Order
Export as new Build Order

ByRada Zerg 

Build Orders: Hatch First 

Get SALT Encoding   

  12  0:01  Drone  
  13  0:08  Drone  
  14  0:17  Overlord  
  14  0:22  Extractor  
  14  0:23  Drone  
  15  0:35  Drone x2  
  17  0:53  Hatchery  
  17  0:55  Drone  
  17  0:59  Drone  
  18  1:12  Spawning Pool  
  18  1:16  Extractor  
  18  1:17  Drone  
  17  1:21  Drone  
  18  1:27  Drone  
  19  1:38  Overlord  
  19  1:49  Drone  
  20  1:59  Queen  
  22  2:01  Roach Warren  
  22  2:02  Zergling x2  
  22  2:10  Drone  
  22  2:12  Queen  
  25  2:28  Drone x4  
  28  2:41  Roach  
  32  2:44  Roach  
  32  2:49  Overlord  
  29  3:03  Roach  
  29  3:05  Roach  
  29  3:13  Roach x3  
  34  3:24  Roach  
Tags
 
Add a new tag
Caveats
  • Supply blocks, unpowered buildings, or Contaminate may cause inaccurate times.
  • Supply counts are checked every 10 seconds.